Get step-by-step instructions on how to execute this build order below. Start the game timer, and the build order will tick by so you can play in parallel with StarCraft on a second screen or mobile device.

Game Time

  0:00

Last Step

  N/A

Next Step

Upcoming Step



Don't want to look back and forth between 2 screens? Try out our Overwolf App, the Spawning Tool Build Advisor to get an in-game overlay with this build!

Complete Build Order

  12  0:08  Overlord  
  12  0:18  Drone  
  12  0:19  Drone  
  14  0:43  Drone  
  14  0:44  Drone  
  14  0:47  Drone  
  14  0:49  Spawning Pool  
  16  1:02  Drone  
  17  1:06  Drone  
  18  1:21  Hatchery  
  17  1:31  Drone x2, Extractor  
  18  1:42  Queen  
  20  1:48  Drone x2  
  22  2:05  Spine Crawler  
  22  2:07  Zergling x2  
  22  2:13  Overlord  
  22  2:27  Overlord  
  22  2:32  Extractor  
  21  2:44  Hatchery  
  20  2:49  Drone x2  
  20  2:50  Drone x2  
  24  2:59  Lair  
  24  3:04  Drone  
  25  3:08  Drone  
  25  3:10  Drone  
  27  3:32  Roach Warren  
  26  3:41  Zergling x10  
  28  3:42  Zergling x4  
  28  3:45  Drone  
  28  3:47  Drone  
  35  3:58  Baneling Nest  
  34  4:08  Nydus Network  
  33  4:15  Roach x2  
  37  4:18  Tunneling Claws  
  37  4:28  Drone x2  
  37  4:29  Drone  
  40  4:37  Drone x3  
  43  4:45  Centrifugal Hooks  
  43  5:15  Nydus Canal  
  43  5:18  Roach x3  
  43  5:20  Overlord x4  
  49  5:28  Zergling x2  
  49  5:29  Overlord  
  48  5:43  Roach x5  
  50  6:14  Roach x2  
  50  6:15  Roach x5  
  50  6:16  Roach x2  
  68  6:19  Nydus Canal  
  67  6:28  Burrow  
  59  6:35  Roach  
  49  7:00  Roach  
  49  7:01  Roach x5  
  55  7:02  Zergling x6  
  58  7:17  Metabolic Boost  
  52  7:31  Roach x2  
  52  7:32  Zergling x8  
  52  7:36  Overseer  
  60  7:49  Drone x5  
  65  7:52  Extractor  
  65  7:55  Extractor  
  65  7:57  Drone x4  
  67  8:03  Nydus Canal  
  67  8:07  Roach  
  67  8:08  Roach x2  
  67  8:09  Zergling x6  
  71  8:29  Roach  
  71  8:30  Spore Crawler x4, Roach  
  71  8:31  Spore Crawler x2  
  41  8:45  Roach x3  
  47  8:53  Roach  
  47  8:54  Roach  
  49  9:02  Roach  
  49  9:13  Nydus Canal  
  49  9:30  Nydus Canal  
  49  9:33  Roach x6  
  59  9:49  Roach x2  
  59  9:51  Queen  
  62  10:06  Roach x3  
  64  10:17  Roach x3  
  64  10:21  Roach x3  
  54  10:46  Hatchery  
  53  10:50  Nydus Canal